 Dungeon Crawl Stone Soup version bcrawl-1.19.1 (webtiles) character file.

Game seed: 17724481472075308964

108 JackS81 the Sneak (level 4, 0/27 HPs)
             Began as a Vine Stalker Archaeologist on Dec 3, 2019.
             Slain by a worker ant (3 damage)
             ... on level 3 of the Dungeon.
             The game lasted 00:04:43 (1531 turns).

JackS81 the Sneak (Vine Stalker Archaeologist)      Turns: 1531, Time: 00:04:44

Health: 0/27       AC:  6    Str: 16    XL:     4   Next: 87%
Magic:  5/5        EV: 19    Int: 14    God:
Gold:   96         SH:  0    Dex: 18    Spells: 3/3 levels left

rFire    . . .     SeeInvis .   a - +0 whip
rCold    . . .     Gourm    .   (no shield)
rNeg     . . .     Faith    .   b - +1 robe
rPois    .         Spirit   .   c - +1 hat
rElec    .         Reflect  .   (no cloak)
rCorr    .         Harm     .   (no gloves)
MR       .....                  d - +1 pair of boots
Stlth    ++++......             (no amulet)
HPRegen  0.49/turn              (no ring)
MPRegen  0.09/turn              (no ring)

@: agile, lethally poisoned (0 -> -1), studying Axes
A: fangs 2, blink, regeneration 1, strong 1, no potion heal 3, rot immunity,
subdued magic 1, strong jaws
a: Blink


You were on level 3 of the Dungeon.
You were not hungry.

You visited 1 branch of the dungeon, and saw 3 of its levels.

You collected 96 gold pieces.

Inventory:

Hand Weapons
 a - a +0 whip (weapon)
Missiles
 n - 395 stones (quivered)
 p - 2 throwing nets {!f}
Armour
 b - a +1 robe (worn)
 c - a +1 hat (worn)
 d - a +1 pair of boots (worn)
Scrolls
 h - 2 scrolls of fear {unknown}
 i - a scroll of magic mapping {unknown}
 j - a scroll of amnesia {unknown}
 k - a scroll of enchant armour {unknown}
 o - 2 scrolls of teleportation {unknown}
 q - 2 scrolls of enchant weapon {unknown}
Books
 e - a manual of Axes
Miscellaneous
 f - an ancient crate
Comestibles
 g - 6 rations {!d}
 r - a chunk of flesh


   Skills:
 + Level 2.9 Fighting
 * Level 2.7(3.1) Axes
 - Level 2.0(2.7) Maces & Flails
 - Level 3.0 Dodging
 - Level 4.4 Stealth


You had 3 spell levels left.
You didn't know any spells.
Your spell library was empty.

Dungeon Overview and Level Annotations

Branches:
Dungeon (3/12)

Altars:
Lugonu


Innate Abilities, Weirdness & Mutations

You have extremely sharp teeth.
Your natural rate of healing is unusually fast.
Potions cannot restore your health.
You are immune to rotting.
Your bites deal extra damage.
You can translocate small distances at will.
Your muscles are strong. (Str +2)
Your spells are a little easier to cast, but a little less powerful.


Message History

The leopard gecko closely misses you. The worker ant misses you.
You closely miss the worker ant.
You feel sick. The worker ant bites you.
* * * LOW HITPOINT WARNING * * *
The leopard gecko misses you.
You aren't carrying any potions.
You hit the worker ant.
The worker ant is lightly wounded.
The leopard gecko completely misses you.
The worker ant misses you.
You hit the worker ant.
The worker ant is moderately wounded.
You feel sick. The worker ant misses you. The leopard gecko misses you.
You hit the worker ant but do no damage.
The worker ant is moderately wounded.
The worker ant closely misses you.
The leopard gecko completely misses you.
You hit the worker ant.
The worker ant is heavily wounded.
You feel sick. The worker ant bites you.
You die...

...#.# ##...## .....#
#..#..####......... .....##
##.###...##.........
....†.###...####............
....#.......................
....##...####.####a.........
...####..##.....##..o..r....
....[....#.....l.#.oo..o....
#......#.#......@#...##
######......._..)a.#..##
###.#.).....#.##..##
#.#.......#......#
#.##.....##..#####
#.####.####..#
#............#
##########...# #####


You could see a worker ant and a leopard gecko.

Vanquished Creatures
  An orc priest (D:3)
  An ooze (D:2)
  2 worms (D:2)
  2 dart slugs (D:1)
  3 leopard geckos
  3 orcs (D:3)
  A ball python (D:3)
  3 giant cockroaches
  5 goblins
  8 hobgoblins
  4 jackals (D:2)
  3 quokkas
  4 bats
  4 frilled lizards
  7 kobolds
  5 rats
56 creatures vanquished.

Notes
Turn   | Place    | Note
-------+----------+-------------------------------------------
     0 | D:1      | JackS81 the Vine Stalker Archaeologist began the quest for
                  | the Orb.
     0 | D:1      | Reached XP level 1. HP: 11/11 MP: 2/2
    21 | D:1      | Reached skill level 1 in Fighting
    21 | D:1      | Reached skill level 1 in Maces & Flails
    77 | D:1      | Reached XP level 2. HP: 16/16 MP: 3/3
   354 | D:1      | Reached XP level 3. HP: 21/21 MP: 4/4
   704 | D:2      | Reached skill level 1 in Axes
  1077 | D:2      | Reached XP level 4. HP: 10/27 MP: 5/5
  1479 | D:3      | Found a corrupted altar of Lugonu.
  1504 | D:3      | Gained mutation: Your spells are a little easier to cast,
                  | but a little less powerful. [potion of mutation]
  1504 | D:3      | Gained mutation: You can translocate small distances at
                  | will. [potion of mutation]
  1504 | D:3      | Gained mutation: Your muscles are strong. (Str +2) [potion
                  | of mutation]
  1531 | D:3      | Slain by a worker ant

Skill      XL: |  1  2  3  4 |
---------------+-------------+-----
Fighting       | 1 2 |  2.9
Maces & Flails | 1 2 |  2.0
Axes           | 1 2 |  2.7
Dodging        | |  3.0
Stealth        | |  4.4

Action                   |  1- 3 |  4- 6 || total
-------------------------+-------+-------++-------
Melee: Whip              |   155 |    53 ||   208
       Bite              |    11 |     4 ||    15
Throw: Stone             |     6 |    10 ||    16
  Use: Potion            |       |     2 ||     2
 Stab: Sleeping          |    12 |     1 ||    13
  Eat: Chunk             |     1 |     1 ||     2
Armor: Robe              |    57 |     9 ||    66
Dodge: Dodged            |   110 |    62 ||   172
